 Dungeon Crawl Stone Soup version 0.30-a0-341-g682706514a (webtiles) character file.

Game seed: 9355037725272654512

135 Bnni the Shield-Bearer (level 5, -5/42 HPs)
             Began as a Formicid Fighter on Nov 1, 2022.
             Slain by a gnoll
             ... wielding a +0 halberd
              (14 damage)
             ... on level 2 of the Dungeon.
             The game lasted 00:02:04 (1265 turns).

Bnni the Shield-Bearer (Formicid Fighter)           Turns: 1265, Time: 00:02:05

Health: -5/42      AC:  6    Str: 22    XL:     5   Next: 42%
Magic:  5/5        EV:  9    Int: 14    God:
Gold:   113        SH:  5    Dex: 13    Spells: 4/4 levels left

rFire   . . .      SeeInvis +    a - +0 war axe
rCold   . . .      Faith    .    c - +0 buckler
rNeg    . . .      Spirit   .    b - +0 scale mail
rPois   .          Reflect  .    (helmet unavailable)
rElec   .          Harm     .    (no cloak)
rCorr   .          Rampage  .    (no gloves)
Will    .....                    (no boots)
Stlth   ..........               f - amulet of regeneration
HPRegen 1.07/turn                q - +6 ring of intelligence
MPRegen 0.09/turn                (no ring)

@: no status effects
A: permanent stasis, dig shafts and tunnels, antennae 3, four strong arms
a: Dig, Shaft Self


You were on level 2 of the Dungeon.
You visited 1 branch of the dungeon, and saw 2 of its levels.

You collected 113 gold pieces.

Inventory:

Hand Weapons
 a - a +0 war axe (weapon)
Missiles
 g - 7 poisoned darts
 u - 2 boomerangs
Armour
 b - a +0 scale mail (worn)
 c - a +0 buckler (worn)
Jewellery
 f - an amulet of regeneration (around neck)
 q - a +6 ring of intelligence (left hand)
Scrolls
 d - a scroll of poison {unknown}
 i - a scroll of fog {unknown}
 j - a scroll of summoning {unknown}
 k - a scroll of torment {unknown}
 l - a scroll of brand weapon {unknown}
 r - a scroll of blinking {unknown}
 s - 2 scrolls of identify {unknown}
 t - a scroll of immolation {unknown}
Potions
 e - a potion of flight {unknown}
 h - 2 potions of heal wounds {unknown}
 m - a potion of degeneration {unknown}
 n - 2 potions of lignification {unknown}
 o - 2 potions of curing {unknown}
 p - a potion of might


   Skills:
 + Level 4.2 Fighting
 * Level 4.0 Axes
 - Level 3.2 Armour
 - Level 5.0 Shields


You had 4 spell levels left.
You didn't know any spells.
Your spell library contained the following spells:

 Spells                   Type           Power      Damage    Failure   Level
 Anguish                  Hex/Necr       0%         N/A       100%        4
 Manifold Assault         Tloc           0%         N/A       100%        4
 Dispersal                Tloc           0%         N/A       100%        6
 Enfeeble                 Hex            0%         N/A       100%        7
 Disjunction              Tloc           0%         N/A       100%        8


Dungeon Overview and Level Annotations

Branches:
Dungeon (2/15)

Altars:


Innate Abilities, Weirdness & Mutations

You cannot be hasted, slowed, berserked, paralysed or teleported.
You can dig through walls and to a lower floor.
You have a pair of large antennae on your head. (SInv)
Your four strong arms can wield two-handed weapons with a shield.


Message History

A gnoll comes into view. It is wielding a +0 halberd.
You struggle against the net.
The gnoll shouts!
You rip the net and break free!
Found a club.
The gnoll throws a throwing net.
The throwing net closely misses you.
The gnoll hits you from afar with a +0 halberd!
You closely miss the gnoll. The gnoll closely misses you. x2
The gnoll hits you with a +0 club. The gnoll hits you but does no damage.
You slash the gnoll!
The gnoll is heavily wounded.
The gnoll hits you with a +0 club.
The gnoll hits you from afar with a +0 halberd!
You are too injured to fight recklessly!
You are too injured to fight recklessly!
You are too injured to fight recklessly!
You are too injured to fight recklessly!
You are too injured to fight recklessly!
You are too injured to fight recklessly!
You barely miss the gnoll.
The gnoll is heavily wounded.
The gnoll hits you with a +0 club. The gnoll barely misses you.
The gnoll hits you with a +0 club!
* * * LOW HITPOINT WARNING * * *
The gnoll barely misses you.
You closely miss the gnoll. You hit the gnoll.
The gnoll hits you with a +0 club.
* * * LOW HITPOINT WARNING * * *
The gnoll hits you with a +0 halberd.
* * * LOW HITPOINT WARNING * * *
The gnoll barely misses you. The gnoll hits you with a +0 halberd.
* * * LOW HITPOINT WARNING * * *
You hit the gnoll but do no damage. You closely miss the gnoll.
The gnoll hits you but does no damage. You block the gnoll's attack.
You slash the gnoll!
The gnoll is almost dead.
You hit the gnoll.
You kill the gnoll!
The gnoll hits you with a +0 halberd!
You die...

#..... #.#########
###### #.........
#.....)..
##>...... #
#.......# #
#.......# ....
#....g..# ####
#....@).# #
#.......## #
#........# #
#.....)..# .
#...)†...## #
#....)(...####
####..###....###
#..######...####
#.......###....###


You could see a gnoll.

Vanquished Creatures
  Natasha (D:2)
  7 gnolls (D:2)
  2 worms (D:2)
  2 dart slugs
  2 endoplasms
  7 goblins
  6 hobgoblins
  3 jackals (D:1)
  2 kobolds (D:2)
  2 quokkas (D:1)
  2 ball pythons (D:2)
  3 bats
  4 rats
43 creatures vanquished.

Notes
Turn   | Place    | Note
-------+----------+-------------------------------------------
     0 | D:1      | Bnni the Formicid Fighter began the quest for the Orb.
     0 | D:1      | Reached XP level 1. HP: 18/18 MP: 1/1
    67 | D:1      | Reached XP level 2. HP: 23/24 MP: 2/2
   506 | D:1      | Reached XP level 3. HP: 27/29 MP: 3/3
   603 | D:1      | Found a faded altar of an unknown god.
   965 | D:2      | Reached skill level 5 in Shields
   965 | D:2      | Reached XP level 4. HP: 21/37 MP: 4/4
  1168 | D:2      | Noticed Natasha
  1187 | D:2      | Killed Natasha
  1188 | D:2      | Reached XP level 5. HP: 37/42 MP: 5/5
  1265 | D:2      | Slain by a gnoll

Illustrated notes

Levels and vault maps discovered:
D:1:      eino_arrival_tree_alley, layout_basic, basic_ecumenical_altar
D:2:      layout_rooms, grunt_decor_arrowhead, uniq_natasha

Skill      XL: |  1  2  3  4  5 |
---------------+----------------+-----
Axes           | 3 4 |  4.0
Shields        | 5 |  5.0
Fighting       | 4 |  4.2
Armour         | |  3.2

Action                   |  1- 3 |  4- 6 || total
-------------------------+-------+-------++-------
Melee: War axe           |    62 |    46 ||   108
  Use: Potion            |     1 |       ||     1
Armor: Scale mail        |    30 |    17 ||    47
Dodge: Dodged            |    40 |    27 ||    67
Block: Buckler           |    16 |    15 ||    31

Table legend: (Time is in decaauts)
 A = Elapsed time spent in this place.
 B = Non-inter-level travel time spent in this place.
 C = Inter-level travel time spent in this place.
 D = Time resting spent in this place.
 E = Time spent auto-exploring this place.
 F = Levels seen in this place.
 G = Mean time per level.
                   A        B        C        D        E       F      G
               +--------+--------+--------+--------+--------+-----+--------+
         Total |   1304 |   1247 |     57 |      0 |    939 |   2 |  652.0 |
       Dungeon |   1304 |   1247 |     57 |      0 |    939 |   2 |  652.0 |
               +--------+--------+--------+--------+--------+-----+--------+

Top non-repeatable levels by time:
     D:1: 920 daAuts
     D:2: 384 daAuts
